 Dungeon Crawl Stone Soup version 0.21-a0-437-ge5bf024 (webtiles) character file.

23121 theanonym the Fencer (level 12, -10/168 HPs)
             Began as a Minotaur Fighter on Nov 9, 2017.
             Was a High Priest of Zin.
             Killed by divine providence
             ... invoked by an orc priest
              (12 damage)
             ... on level 2 of the Orcish Mines.
             The game lasted 00:41:56 (14295 turns).

theanonym the Fencer (Minotaur Fighter)            Turns: 14295, Time: 00:41:57

Health: -10/168    AC: 22    Str: 32    XL:     12   Next: 69%
Magic:  14/14      EV: 18    Int:  6    God:    Zin [*****.]
Gold:   945        SH:  0    Dex: 16    Spells: 11/11 levels left

rFire    . . .     SeeInvis .   a - +2 great sword
rCold    . . .     Gourm    .   (shield currently unavailable)
rNeg     . . .     Faith    .   N - +0 plate armour
rPois    ∞         Spirit   .   (helmet restricted)
rElec    .         Reflect  .   V - +0 cloak {rPois}
rCorr    .         Harm     .   v - +0 pair of gloves
MR       .....                  (no boots)
Stlth    ..........             Q - amulet of regeneration {+regen}
HPRegen  0.78/turn              o - +5 ring of protection
MPRegen  0.14/turn              (no ring)

@: agile, berserking, vitalised, very quick
A: retaliatory headbutt, horns 2
a: Recite, Vitalisation, Imprison, Sanctuary, Donate Gold, Renounce Religion


Innate Abilities, Weirdness & Mutations

You reflexively headbutt those who attack you in melee.
You have a pair of horns on your head.


   Skills:
 + Level 12.0 Fighting
 * Level 17.2 Long Blades
 + Level 9.3 Armour
 + Level 7.8 Dodging
   Level 4.4 Shields
 + Level 5.1 Invocations


You had 11 spell levels left.
You didn't know any spells.

Skill      XL: |  1  2  3  4  5  6  7  8  9 10 11 12 |
---------------+-------------------------------------+-----
Long Blades    | 3 4 5 6 9 11 12 14 16 17 | 17.2
Fighting       | 4 6 9 10 11 12 | 12.0
Dodging        | 1 4 6 7 |  7.8
Armour         | 4 6 8 9 |  9.3
Shields        | 4 |  4.4
Invocations    | 1 3 5 |  5.1

Action                   |  1- 3 |  4- 6 |  7- 9 | 10-12 || total
-------------------------+-------+-------+-------+-------++-------
Melee: Long sword        |    72 |   110 |   241 |       ||   423
       Headbutt          |     8 |    14 |    93 |   121 ||   236
       Scimitar          |       |       |   225 |    44 ||   269
       Great sword       |       |       |       |   566 ||   566
 Fire: Blowgun           |       |     3 |       |     7 ||    10
Throw: Tomahawk          |       |       |       |    11 ||    11
       Javelin           |       |       |       |     3 ||     3
Invok: Recite            |       |       |     1 |     4 ||     5
       Vitalisation      |       |       |       |     7 ||     7
Evoke: Wand              |       |       |     7 |    13 ||    20
  Use: Scroll            |       |     4 |     7 |     9 ||    20
       Potion            |       |     1 |       |    12 ||    13
 Stab: Confused          |       |       |       |     1 ||     1
       Invisible         |       |       |       |     4 ||     4
       Paralysed         |       |       |       |     1 ||     1
  Eat: Chunk             |     1 |     5 |    15 |     4 ||    25
       Meat ration       |       |       |       |     4 ||     4
Armor: Scale mail        |    44 |    40 |    93 |       ||   177
       Plate armour      |       |       |    86 |   464 ||   550
Dodge: Dodged            |    23 |    29 |    73 |   332 ||   457
Block: Shield            |    50 |    53 |   194 |    17 ||   314
       Rpst.: Long sword |     7 |     9 |     9 |       ||    25
       Scimitar          |       |       |    13 |     3 ||    16
       Great sword       |       |       |       |    79 ||    79

Inventory:

Hand Weapons
 a - a +2 great sword (weapon)
   (You took it off a wight on level 8 of the Dungeon)
 b - a +0 blowgun
   (You took it off a kobold on level 3 of the Dungeon)
Missiles
 w - 27 poisoned needles
 A - 12 needles of sleeping
 X - 2 javelins (quivered)
Armour
 v - a +0 pair of gloves (worn)
   (You found it on level 7 of the Dungeon)
 N - a +0 plate armour (worn)
   (You took it off an orc warrior on level 6 of the Dungeon)
 V - a +0 cloak of poison resistance (worn)
   (You found it on level 9 of the Dungeon)
Jewellery
 o - a +5 ring of protection (left hand)
   (You found it on level 1 of the Dungeon)
 C - an uncursed ring of poison resistance {rPois}
   (You found it on level 1 of the Lair of Beasts)
 Q - an amulet of regeneration (around neck) {+regen}
   (You found it on level 8 of the Dungeon)
Wands
 y - a wand of scattershot (0/9)
   (You took it off Maurice on level 9 of the Dungeon)
 J - a wand of paralysis (3/24)
   (You found it on level 10 of the Dungeon)
 L - a wand of acid (0/15)
   (You found it on level 7 of the Dungeon)
 M - a wand of confusion (18/48)
   (You found it on level 7 of the Dungeon)
 T - a wand of confusion (28/48)
   (You found it on level 10 of the Dungeon)
 W - a wand of digging (9/24)
   (You found it on level 2 of the Lair of Beasts)
 Y - a wand of lightning (7/15)
   (You found it on level 2 of the Lair of Beasts)
Scrolls
 c - 5 scrolls of teleportation {unknown}
 e - 5 scrolls of remove curse
 f - 2 scrolls of fog {!r}
 h - 2 scrolls of enchant weapon
 k - 3 scrolls of magic mapping {!r}
 l - a scroll of fear {unknown}
 m - 2 scrolls of noise {unknown}
 p - a scroll of random uselessness {unknown}
 r - a scroll of identify
 s - 4 scrolls of immolation
 u - a scroll of enchant armour {unknown}
 z - a scroll of recharging {unknown}
 B - a scroll of blinking {unknown}
 H - a scroll of holy word {unknown}
 S - 2 scrolls of amnesia {unknown}
Potions
 g - 10 potions of curing
 x - 6 potions of brilliance
 K - a potion of magic {unknown}
 P - a potion of flight {unknown}
 U - a potion of invisibility {unknown}
Books
 F - a book of Conjurations
   (You found it on level 5 of the Dungeon)

   Spells                             Type                      Level
   a - Magic Dart                     Conjuration                  1
   b - Searing Ray                    Conjuration                  2
   c - Dazzling Spray                 Conjuration/Hexes            3
   d - Fulminant Prism                Conjuration/Hexes            4
   e - Force Lance                    Conjuration/Translocation    4
   f - Iskenderun's Mystic Blast      Conjuration                  4
 O - a book of Frost
   (You found it on level 7 of the Dungeon)

   Spells                             Type                      Level
   a - Freeze                         Ice                          1
   b - Throw Frost                    Conjuration/Ice              2
   c - Ozocubu's Armour               Charms/Ice                   3
   d - Throw Icicle                   Conjuration/Ice              4
   e - Summon Ice Beast               Ice/Summoning                4
 R - a book of Beasts
   (You found it on level 2 of the Lair of Beasts)

   Spells                             Type                      Level
   a - Summon Butterflies             Summoning                    1
   b - Call Canine Familiar           Summoning                    3
   c - Summon Ice Beast               Ice/Summoning                4
   d - Summon Mana Viper              Hexes/Summoning              5
   e - Summon Hydra                   Summoning                    7
Miscellaneous
 E - a phial of floods
   (You found it on level 2 of the Lair of Beasts)
Comestibles
 i - 7 meat rations
 j - 9 bread rations
 t - 15 fruits
 G - 10 royal jellies

Dungeon Overview and Level Annotations

Branches:
Dungeon (10/15)            Temple (1/1) D:6            Lair (2/6) D:8
  Swamp (0/4) Lair:2          Orc (2/2) D:10            Elf (1/3) Orc:2
  Snake: Lair:2-4    Spider: Lair:2-4

Altars:
Ashenzari
Cheibriados
Dithmenos
Elyvilon
Fedhas
Gozag
Hepliaklqana
Kikubaaqudgha
Makhleb
Nemelex Xobeh
Okawaru
Qazlal
Ru
Sif Muna
Trog
Uskayaw
Vehumet
Wu Jian
Xom
Yredelemnul
Zin
The Shining One

Annotations:
D:8 TimeToSplat's ghost, novice TrCK


You were on level 2 of the Orcish Mines.
You worshipped Zin.
Zin was extremely pleased with you.
You were not hungry.

You visited 5 branches of the dungeon, and saw 16 of its levels.
You also visited: Ossuary.

You collected 1048 gold pieces.
You donated 103 gold pieces to Zin.


Message History

The orc priest is healed somewhat.
The orc priest misses you.
You slice the orc warrior!!
You kill the orc warrior!
The orc priest misses you.
The orc priest looks encouraged for a moment.
You slash the orc priest! The orc priest hits you. The orc closely misses you.
You furiously retaliate!
You headbutt the orc. The orc priest barely misses you.
You furiously retaliate!
You headbutt the orc priest.
The orc priest hits you but does no damage.
You take 4 damage, and have 71/112 hp.
You slice the orc priest!!
You kill the orc priest!
The orc closely misses you. You furiously retaliate!
You headbutt the orc, but do no damage.
You riposte.
You slice the orc like a ripe choko!!!
You kill the orc!
The orc priest hits you.
You take 1 damage, and have 70/112 hp.
You slash the orc priest!
You kill the orc priest!
The orc priest closely misses you.
An orc warrior comes into view. It is wielding a scimitar.
MP restored: 14 You closely miss the orc priest.
You headbutt the orc priest.
The orc warrior hits you with a long sword!
You take 8 damage, and have 62/112 hp.
You slash the orc priest!
The orc priest invokes the aid of Beogh against you.
Beogh smites you!
* * * LOW HITPOINT WARNING * * *
The orc warrior hits you with a long sword.
* * * LOW HITPOINT WARNING * * *
You take 11 damage, and have 51/112 hp.
You barely miss the orc priest. Your headbutt misses the orc priest.
The orc priest closely misses you. You furiously retaliate!
You headbutt the orc priest!
You kill the orc priest!
You slice the orc warrior!!
You headbutt the orc warrior, but do no damage.
The orc misses you.
You riposte.
You hit the orc. Your headbutt misses the orc.
The orc priest invokes the aid of Beogh against you.
Beogh smites you!
* * * LOW HITPOINT WARNING * * *
You take 9 damage, and have 43/112 hp.
You hit the orc warrior. Your headbutt misses the orc warrior.
The orc warrior hits you but does no damage.
The orc priest closely misses you. The orc completely misses you.
You riposte.
You slice the orc!!
You kill the orc!
You hit the orc warrior.
You kill the orc warrior!
The orc priest hits you but does no damage.
An orc priest comes into view. It is wielding a morningstar.
You closely miss the orc priest.
Okay, then.
You slash the orc priest! You headbutt the orc priest.
You kill the orc priest!
The orc priest hits you but does no damage.
You slash the orc priest!
You kill the orc priest!
The orc priest invokes the aid of Beogh against you.
Beogh smites you!
* * * LOW HITPOINT WARNING * * *
You take 12 damage, and have 34/112 hp.
You hit the orc warrior. You headbutt the orc warrior.
The orc priest mumbles some strange prayers to Beogh against you.
Beogh smites you!
* * * LOW HITPOINT WARNING * * *
The orc warrior hits you with a scimitar!
* * * LOW HITPOINT WARNING * * *
You hear a shout!
You take 17 damage, and have 17/112 hp.
A red film seems to cover your vision as you go berserk!
You feel yourself moving faster!
You feel mighty!
You are ready to recite again.
You hear a shout!
The orc warrior barely misses you. You furiously retaliate!
You headbutt the orc warrior! 2 orcs come into view.
You now have 26/168 hp.
You completely miss the orc warrior. You headbutt the orc warrior.
You slash the orc warrior!
The orc warrior hits you with a scimitar!
* * * LOW HITPOINT WARNING * * *
You take 11 damage, and have 15/168 hp.
You slice the orc warrior!!
You kill the orc warrior!
The orc priest invokes the aid of Beogh against you.
Beogh smites you!
* * * LOW HITPOINT WARNING * * *
The orc priest closely misses you. You furiously retaliate!
You headbutt the orc priest!!
You kill the orc priest!
You take 14 damage, and have 1/168 hp.
An orc knight comes into view. It is wielding a long sword.
The orc knight shouts!
The orc priest mumbles some strange prayers to Beogh against you.
Beogh smites you!
You die...

.o #...#... #... #..
..o.....# ##.. ..
#...#...# #..
.........# ##.
o#.o.#..# ##. ......#
#.. ####oo.##### ##.
#...)[.......# ##
###[)@)........##
##....>)......#..#####
#.............#...#..##
##...............#....#
##.............#....##
##..................#
##.........)........
#.........)...#...#
##..##......####.##


You could see an orc knight, 2 orc priests and an orc.

Notes
Turn   | Place    | Note
-------+----------+-------------------------------------------
     0 | D:1      | theanonym the Minotaur Fighter began the quest for the Orb.
     0 | D:1      | Reached XP level 1. HP: 19/19 MP: 0/0
    29 | D:1      | Reached skill level 3 in Long Blades
    29 | D:1      | Reached XP level 2. HP: 26/26 MP: 1/1
   242 | D:1      | Reached skill level 4 in Long Blades
   428 | D:1      | Reached XP level 3. HP: 31/31 MP: 2/2
  1052 | D:2      | HP: 15/31 [gnoll/spear (4)]
  1252 | D:2      | Reached skill level 5 in Long Blades
  1367 | D:2      | Noticed Robin
  1383 | D:2      | Reached XP level 4. HP: 37/39 MP: 3/3
  1406 | D:2      | Killed Robin
  1585 | D:2      | Found a snail-covered altar of Cheibriados.
  1981 | D:3      | Reached skill level 6 in Long Blades
  2436 | D:4      | Reached XP level 5. HP: 45/45 MP: 4/4
  2557 | D:4      | Noticed Natasha
  2567 | D:4      | Killed Natasha
  2603 | D:4      | Found a bloodstained altar of Trog.
  2806 | D:4      | Noticed a slave
  2806 | D:4      | Noticed a slave
  2807 | D:4      | Noticed Pikel
  2815 | D:4      | Noticed an ogre
  2827 | D:4      | HP: 9/45 [Pikel/whip of electrocution (20)]
  2830 | D:4      | Killed Pikel
  2830 | D:4      | Reached skill level 9 in Long Blades
  2830 | D:4      | Reached XP level 6. HP: 9/51 MP: 5/5
  2830 | D:4      | Reached XP level 7. HP: 10/57 MP: 6/6
  2835 | D:4      | Reached skill level 10 in Long Blades
  3259 | D:4      | Noticed Natasha
  3266 | D:4      | Killed Natasha
  3491 | D:4      | Noticed Natasha
  3497 | D:4      | Killed Natasha
  3598 | D:5      | Entered Level 5 of the Dungeon
  3669 | D:5      | Found a sand-covered staircase.
  3701 | Ossuary  | Entered an ossuary
  3743 | Ossuary  | Reached skill level 4 in Fighting
  3756 | Ossuary  | Reached skill level 11 in Long Blades
  3756 | Ossuary  | Reached XP level 8. HP: 59/66 MP: 7/7
  4201 | D:5      | Reached skill level 5 in Fighting
  4460 | D:5      | Reached skill level 12 in Long Blades
  5253 | D:5      | Reached skill level 6 in Fighting
  5512 | D:6      | Found a staircase to the Ecumenical Temple.
  5530 | Temple   | Entered the Ecumenical Temple
  5618 | Temple   | theanonym: !lg * race=mi urune=15 god!=tso god!=mak s=god
  5618 | Temple   | beem: 549 games for * (race=mi urune=15 god!=tso god!=mak): 224x Zin, 64x Cheibriados, 47x Gozag, 41x Trog, 33x Okawaru, 25x Qazlal, 20x Xom, 12x Ashenzari, 12x Uskayaw, 11x Ru, 9x Dithmenos, 8x Wu Jian, 6x Lugonu, 6x Jiyva, 6x, 5x Nemelex Xobeh, 4x Kikubaaqudgha, 4x Pakellas, 3x Vehumet, 3x Hepliaklqana, 3x Elyvilon, 2x Fedhas, Yredelemnul
  5618 | Temple   | theanonym: !lg * race=mi urune=15 god!=tso god!=mak s=god maxskills=longblades
  5618 | Temple   | beem: 74 games for * (race=mi urune=15 god!=tso god!=mak maxskills=longblades): 33x Zin, 9x Gozag, 7x Trog, 4x Wu Jian, 4x Cheibriados, 3x Dithmenos, 2x Jiyva, 2x Ashenzari, Elyvilon, Xom, Uskayaw, Ru, Qazlal, Pakellas, Okawaru, Nemelex Xobeh, Lugonu,
  5654 | Temple   | Became a worshipper of Zin the Law-Giver
  5654 | Temple   | Reached * piety under Zin
  5828 | D:6      | Found a bloodstained altar of Trog.
  5849 | D:6      | Reached XP level 9. HP: 78/78 MP: 8/8
  5911 | D:6      | Reached skill level 13 in Long Blades
  6184 | D:6      | Found an opulent altar of Gozag.
  6431 | D:7      | Noticed Duvessa
  6432 | D:7      | Noticed Dowan
  6442 | D:7      | Noticed Joseph
  6445 | D:7      | Killed Duvessa
  6447 | D:7      | Killed Dowan
  6447 | D:7      | Reached skill level 7 in Fighting
  6460 | D:7      | HP: 37/79 [worker ant (4)]
  6463 | D:7      | Killed Joseph
  6466 | D:7      | HP: 33/79 [poisoned by a worker ant]
  6473 | D:7      | HP: 31/79 [poisoned by a worker ant]
  6481 | D:7      | HP: 31/79 [poisoned by a worker ant]
  6490 | D:7      | HP: 31/79 [poisoned by a worker ant]
  7010 | D:7      | Reached ** piety under Zin
  7160 | D:7      | theanonym: ??recite
  7160 | D:7      | beem: recite[1/6]: Causes various effects to chaotic, unclean, evil or heretical creatures in view. Four-turn action, with strength depending on piety and invocations. Effects scale from things like confusion and fear on humanoids, to smiting and instakilling chaotic creatures, to permanently blinding or paralysing heretic priests.
  7160 | D:7      | theanonym: ??recite[2
  7160 | D:7      | beem: recite[2/6]: Abominations (chaotic, differently insane): damage, Ablutions (impure): damage, Apostates (intelligent): fear/confusion, god worshippers: blind/anti-caster, Anathema (unholy): fear/confusion/damage
  7164 | D:7      | Reached skill level 8 in Fighting
  7164 | D:7      | Reached skill level 14 in Long Blades
  7557 | D:8      | Reached skill level 9 in Fighting
  7559 | D:8      | Reached skill level 1 in Dodging
  7662 | D:8      | Reached skill level 4 in Armour
  7662 | D:8      | Reached skill level 4 in Shields
  7662 | D:8      | Reached skill level 1 in Invocations
  7848 | D:8      | Noticed TimeToSplat's ghost (novice TrCK)
  7857 | D:8      | Reached XP level 10. HP: 74/91 MP: 8/10
  7871 | D:8      | HP: 26/91 [TimeToSplat's ghost (23)]
  7936 | D:7      | HP: 34/91 [killer bee (3)]
  7941 | D:7      | HP: 31/91 [poisoned by a killer bee]
  7947 | D:7      | HP: 30/91 [poisoned by a killer bee]
  7953 | D:7      | HP: 29/91 [poisoned by a killer bee]
  7961 | D:7      | HP: 29/91 [poisoned by a killer bee]
  8221 | D:8      | Reached skill level 2 in Dodging
  8242 | D:8      | HP: 45/91 [TimeToSplat's ghost (25)]
  8243 | D:8      | HP: 21/91 [TimeToSplat's ghost (24)]
  8244 | D:8      | HP: 6/91 [TimeToSplat's ghost (15)]
  8630 | D:8      | Reached skill level 2 in Invocations
  9031 | D:8      | Found a staircase to the Lair.
  9195 | D:8      | HP: 35/91 [TimeToSplat's ghost (17)]
  9196 | D:8      | HP: 15/91 [TimeToSplat's ghost (21)]
  9464 | D:8      | Reached skill level 5 in Armour
  9550 | D:8      | HP: 41/91 [TimeToSplat's ghost (25)]
  9688 | D:9      | Noticed Maurice
  9712 | D:9      | Reached skill level 3 in Dodging
  9745 | D:9      | Killed Maurice
  9764 | D:9      | Reached skill level 3 in Invocations
  9871 | D:9      | Found a white marble altar of Elyvilon.
 10249 | D:9      | Reached skill level 4 in Dodging
 10503 | D:10     | Entered Level 10 of the Dungeon
 10559 | D:10     | Reached skill level 10 in Fighting
 10586 | D:10     | Noticed a molten gargoyle
 10637 | D:10     | Killed a molten gargoyle
 10637 | D:10     | Reached skill level 6 in Armour
 10724 | D:10     | Reached XP level 11. HP: 86/99 MP: 12/12
 10729 | D:10     | Reached skill level 15 in Long Blades
 10864 | D:10     | Reached *** piety under Zin
 10873 | D:10     | Reached skill level 5 in Dodging
 11112 | D:10     | Noticed a two-headed ogre
 11122 | D:10     | Killed a two-headed ogre
 11195 | D:10     | Found a staircase to the Orcish Mines.
 11204 | D:10     | HP: 50/101 [something (2)]
 11210 | D:10     | Reached skill level 7 in Armour
 11232 | D:10     | HP: 47/101 [ogre/giant club (12)]
 11414 | Lair:1   | Entered Level 1 of the Lair of Beasts
 11528 | Lair:1   | Noticed a four-headed hydra
 11551 | Lair:1   | Killed a seven-headed hydra
 11651 | Lair:1   | Noticed a five-headed hydra
 11672 | Lair:1   | Killed a seven-headed hydra
 11672 | Lair:1   | Reached skill level 6 in Dodging
 11903 | Lair:1   | Reached skill level 11 in Fighting
 11903 | Lair:1   | Reached skill level 16 in Long Blades
 12249 | Lair:2   | Reached skill level 8 in Armour
 12288 | Lair:2   | HP: 41/102 [tyrant leech (16)]
 12435 | Lair:2   | Reached XP level 12. HP: 92/110 MP: 13/13
 12577 | Lair:2   | Reached skill level 7 in Dodging
 12610 | Lair:2   | Reached skill level 4 in Invocations
 12658 | Lair:2   | Found a staircase to the Swamp.
 13010 | Lair:2   | HP: 55/111 [yak (4)]
 13015 | Lair:2   | HP: 24/111 [yak (9)]
 13022 | Lair:2   | Reached skill level 9 in Armour
 13022 | Lair:2   | HP: 33/111 [yak (6)]
 13445 | Orc:1    | Entered Level 1 of the Orcish Mines
 13457 | Orc:1    | Reached **** piety under Zin
 13519 | Orc:2    | Entered Level 2 of the Orcish Mines
 13553 | Orc:2    | Reached skill level 17 in Long Blades
 13853 | Orc:2    | Reached ***** piety under Zin
 14040 | Orc:2    | Found a staircase to the Elven Halls.
 14082 | Orc:2    | HP: 53/112 [orc priest/divine providence (11)]
 14085 | Orc:2    | Reached skill level 5 in Invocations
 14088 | Orc:2    | HP: 54/112 [orc priest/divine providence (11)]
 14091 | Orc:2    | HP: 14/112 [orc priest/divine providence (15)]
 14092 | Orc:2    | HP: 5/112 [orc priest/divine providence (10)]
 14093 | Elf:1    | Entered Level 1 of the Elven Halls
 14275 | Orc:2    | Reached skill level 12 in Fighting
 14282 | Orc:2    | HP: 52/112 [orc priest/divine providence (10)]
 14289 | Orc:2    | HP: 34/112 [orc priest/divine providence (12)]
 14293 | Orc:2    | HP: 15/168 [orc warrior/scimitar (12)]
 14294 | Orc:2    | HP: 1/168 [orc priest/divine providence (14)]
 14295 | Orc:2    | Killed from afar by an orc priest

Vanquished Creatures
  2 hydras (Lair:1)
  A two-headed ogre (D:10)
  Pikel (D:4)
  An orc knight (Orc:2)
  Joseph (D:7)
  6 elephants (Lair:2)
  Maurice (D:9)
  4 molten gargoyles (D:10)
  A spiny frog (Lair:2)
  2 tyrant leeches (Lair:2)
  A queen bee (D:7)
  2 hornets
  4 trolls
  7 blink frogs
  2 hippogriffs
  A basilisk (Lair:2)
  A wyvern (D:9)
  20 yaks
  3 wargs (Orc:2)
  5 porcupines
  2 water moccasins
  Duvessa (D:7)
  A swamp drake (D:10)
  3 sky beasts
  2 ice beasts
  12 orc warriors
  8 ogres
  4 centaurs
  3 phantoms
  4 wolves (Lair:1)
  4 crocodiles
  An elf zombie (Ossuary)
  11 bullfrogs
  Dowan (D:7)
  5 scorpions
  17 killer bees
  5 wights (D:8)
  3 howler monkeys
  3 crimson imps
  A centaur zombie (Ossuary)
  A quasit (D:9)
  3 hounds
  4 jellies
  A gnoll shaman (D:9)
  3 human zombies (Ossuary)
  21 orc priests
  2 bullfrog skeletons
  2 centaur skeletons
  An iguana (D:10)
  Natasha (thrice) (D:4)
  12 orc wizards
  5 worker ants
  3 big kobold zombies (Ossuary)
  3 hound zombies
  4 hound skeletons
  4 mummies
  Robin (D:2)
  9 adders
  13 gnolls
  A shadow imp (D:5)
  2 oozes (D:4)
  4 adder zombies (Ossuary)
  An adder skeleton (D:9)
  A worm (D:3)
  7 leopard geckos
  57 orcs
  6 bats
  6 giant cockroaches
  12 goblins
  8 hobgoblins
  8 jackals (D:6)
  5 quokkas
  3 frilled lizards (D:2)
  A goblin zombie (Ossuary)
  2 hobgoblin zombies
  7 kobolds
  5 kobold zombies (Ossuary)
  3 orc zombies
  A quokka skeleton (D:9)
  5 quokka zombies (Ossuary)
  4 rats
  8 rat zombies (Ossuary)
409 creatures vanquished.

Vanquished Creatures (others)
  2 slaves (D:4)
  A howler monkey (D:4)
  A worker ant (D:6)
  2 gnolls (D:4)
  3 oozes
  An orc (D:4)
  A quokka (D:4)
  2 fungi (D:8)
  A plant (Lair:2)
14 creatures vanquished.

Grand Total: 423 creatures vanquished
